 Dungeon Crawl Stone Soup version 0.20-a0-792-g09bcfd3 (webtiles) character file.

36 Alarkh the Vandal (level 3, 17/24 HPs)
             Began as a Halfling Hunter on Feb 28, 2017.
             Got out of the dungeon alive.
             The game lasted 00:01:22 (800 turns).

Alarkh the Vandal (Halfling Hunter)                  Turns: 800, Time: 00:01:23

Health: 17/24      AC:  3    Str: 13    XL:     3   Next: 57%
Magic:  3/3        EV: 14    Int: 10    God:
Gold:   111        SH:  0    Dex: 14    Spells: 2/2 levels left

rFire    . . .     SeeInvis .   a - +1 hunting sling
rCold    . . .     Gourm    .   c - +0 leather armour
rNeg     + . .     Faith    .   (shield restricted)
rPois    .         Spirit   .   (no helmet)
rElec    .         Reflect  .   (no cloak)
rCorr    .         Harm     .   (no gloves)
MR       .....                  (no boots)
Stlth    ++........             (no amulet)
Regen    0.1/turn               (no ring)
MPRegen  0.1/turn               l - ring of positive energy

@: no status effects
A: mutation resistance 1
a: no special abilities


You escaped.
You were not hungry.

You visited 1 branch of the dungeon, and saw 2 of its levels.

You collected 111 gold pieces.

Inventory:

Hand Weapons
 a - a +1 hunting sling (weapon)
 b - a +0 short sword
Missiles
 d - 25 sling bullets (quivered)
 i - 91 stones
Armour
 c - a +0 leather armour (worn)
Jewellery
 l - a ring of positive energy (left hand)
Scrolls
 e - a scroll of identify {unknown}
 j - a scroll of magic mapping {unknown}
 o - a scroll of enchant weapon {unknown}
 p - a scroll of remove curse {unknown}
 r - a scroll of random uselessness {unknown}
Potions
 n - a potion of might {unknown}
 q - a potion of curing {unknown}
Comestibles
 f - 2 bread rations
 g - a meat ration
 h - 4 chunks of flesh
 k - 4 fruits
 m - a royal jelly


   Skills:
 - Level 1.7 Fighting
 + Level 1.6 Short Blades
 * Level 6.7 Slings
 - Level 2.1 Dodging
 + Level 1.8 Stealth


You had 2 spell levels left.
You didn't know any spells.

Dungeon Overview and Level Annotations

Branches:
Dungeon (2/15)

Altars:


Innate Abilities, Weirdness & Mutations

You are small and have problems with some larger weapons.
You are somewhat resistant to further mutation.


Message History

No target in view!
No target in view!
No target in view!
Firing (i - inventory. (,) - cycle):
d - 25 sling bullets (quivered)
Press: ? - help, Shift-Dir - straight line, f/p - rat
Aim: a rat You shoot a sling bullet.
The sling bullet hits the rat!
You kill the rat!
No target in view!
No target in view!
h - 4 chunks of flesh (gained 1)
You see here a rat skeleton. x2
d - 25 sling bullets (gained 1) Done exploring.
Done exploring.
(D) Dungeon
Where to? (Enter - D:1 @ (x,y), ? - help)
There is a staircase leading out of the dungeon here.
Are you sure you want to leave the Dungeon?
This will make you lose the game!
You have escaped!

#[#...#..#..#..#..#.#....##
#.#..#...#.#......#.#......
###.....#...#...#..#........
#...##......####...#########
#..####.....................
#.##.##...........####.#####
#..##.....##.###............
#........#.....##.....#....#
#.......##.@.....#....#....#
#........#.....##.....#....#
#..##.....##.###............
#.##.##...........###..#####
#..####...........# #.## #
#...##.....รท####..# #.# #
#...........#...#.###.######
##..####..#.#...............
#.## ##.#..#..#...........


There were no monsters in sight!

Vanquished Creatures
  An adder (D:2)
  A dart slug (D:1)
  3 leopard geckos (D:1)
  A giant cockroach (D:1)
  A goblin (D:1)
  2 hobgoblins (D:1)
  2 jackals (D:1)
  A kobold (D:1)
  2 bats (D:1)
  4 frilled lizards
  6 rats
24 creatures vanquished.

Notes
Turn   | Place    | Note
-------+----------+-------------------------------------------
     0 | D:1      | Alarkh the Halfling Hunter began the quest for the Orb.
     0 | D:1      | Reached XP level 1. HP: 14/14 MP: 1/1
    77 | D:1      | Reached skill level 6 in Slings
   140 | D:1      | Reached XP level 2. HP: 15/19 MP: 2/2
   240 | D:1      | Reached skill level 1 in Short Blades
   462 | D:1      | Reached XP level 3. HP: 21/24 MP: 3/3
   800 | D:$      | Got out of the dungeon alive.

Vault maps used:
D:1:      erik_arrival_blinker_ship
D:2:      dancing_weapons_uskayaw, marbit_many_paths, first_bread

Skill      XL: |  1  2 |
---------------+-------+-----
Slings         | 6 |  6.7
Short Blades   | 1 |  1.6
Fighting       | |  1.7
Dodging        | |  2.1
Stealth        | |  1.8

Action                   || total
-------------------------++-------
Melee: Short sword       ||    76
 Fire: Hunting sling     ||    15
 Stab: Sleeping          ||     2
Armor: Leather armour    ||    11
Dodge: Dodged            ||    56
